 Dungeon Crawl Stone Soup version 0.28-a0-991-g956f0ee3d5 (webtiles) character file.

Game seed: 685897122815710236

2249 demibob the Cruncher (level 9, -2/61 HPs)
             Began as a Demonspawn Gladiator on Dec 4, 2021.
             Was a Believer of Wu Jian.
             Slain by a very large slime creature (57 damage)
             ... on level 7 of the Dungeon.
             The game lasted 00:08:55 (6050 turns).

demibob the Cruncher (Demonspawn Gladiator)         Turns: 6050, Time: 00:08:56

Health: -2/61      AC: 11    Str: 16    XL:     9   Next: 15%
Magic:  9/9        EV: 12    Int: 13    God:    Wu Jian [**....]
Gold:   318        SH:  0    Dex: 14    Spells: 8/8 levels left

rFire   . . .      SeeInvis .   a - +3 lajatang (speed)
rCold   . . .      Faith    .   (shield currently unavailable)
rNeg    + . .      Spirit   .   F - +2 leather armour {rN+}
rPois   .          Reflect  .   G - +0 helmet
rElec   .          Harm     .   p - +0 cloak
rCorr   +          Rampage  .   (no gloves)
Will    .....                   m - +0 pair of boots
Stlth   +.........              (no amulet)
HPRegen 0.20/turn               R - ring of resist corrosion
MPRegen 0.11/turn               (no ring)

@: no status effects
A: thin metallic scales 2, demonic guardian 2, spiny 1, weakness stinger 2
a: Renounce Religion, Wall Jump


You were on level 7 of the Dungeon.
You worshipped Wu Jian.
Wu Jian was pleased with you.
You visited 1 branch of the dungeon, and saw 7 of its levels.
You also visited: Ossuary.

You collected 318 gold pieces.


Innate Abilities, Weirdness & Mutations

You are mostly covered in thin metallic scales. (AC +3)
A demonic guardian rushes to your aid.
You are partially covered in sharp spines.
You have a tail ending in a sharp stinger.


   Skills:
 - Level 2.0 Fighting
 + Level 11.5 Staves
 - Level 1.7 Throwing
 - Level 2.6 Dodging


You had 8 spell levels left.
You didn't know any spells.
Your spell library contained the following spells:

 Spells                   Type           Power      Damage    Failure   Level
 Sting                    Tmut/Pois      0%         1d3       36%         1
 Poisonous Vapours        Pois/Air       0%         N/A       50%         2
 Olgreb's Toxic Radiance  Pois           0%         N/A       98%         4
 Malign Gateway           Summ/Tloc      0%         N/A       100%        7
 Summon Horrible Things   Summ           0%         N/A       100%        8

Inventory:

Hand Weapons
 a - a +3 lajatang of speed (weapon)
 o - a +0 quarterstaff
Missiles
 d - a throwing net (quivered) {=f}
 j - 4 datura-tipped darts
 q - 47 poisoned darts
 w - a curare-tipped dart {=f}
 D - 5 atropa-tipped darts
Armour
 b - a +0 leather armour
 m - a +0 pair of boots (worn)
 p - a +0 cloak (worn)
 E - the +7 ring mail of Subjectivity {Rampage rPois rF- Dex+5}
   (You found it on level 6 of the Dungeon)

   Dex:       It affects your dexterity (+5).
   rF:        It makes you vulnerable to fire.
   rPois:     It protects you from poison.
   Rampage:   It bestows one free step when moving towards enemies.
 F - a +2 leather armour of positive energy (worn)
 G - a +0 helmet (worn)
Magical Staves
 e - a staff of death {!a}
Jewellery
 c - a ring of protection from cold
 z - a ring of wizardry
 C - a ring of ice
 R - a ring of resist corrosion (left hand)
 Z - a ring of wizardry
Wands
 n - a wand of flame (22)
 y - a wand of acid (12)
Scrolls
 k - 4 scrolls of amnesia
 l - a scroll of teleportation {@r2}
 r - a scroll of summoning
 s - 2 scrolls of identify {@r1}
 t - a scroll of magic mapping
Potions
 f - a potion of cancellation
 g - 3 potions of attraction
 h - 5 potions of haste {@q3}
 i - 7 potions of curing {@q1}
 u - 2 potions of magic {unknown}
 v - a potion of brilliance {unknown}
 x - a potion of degeneration {unknown}
 A - 2 potions of heal wounds {unknown}
 B - a potion of lignification {unknown}

Dungeon Overview and Level Annotations

Branches:
Dungeon (7/15)             Temple (0/1) D:5         Ossuary (visited)

Altars:
Wu Jian
Xom

Shops:
D:4

= ##............
#..)...........##
####)####.........#
#.......#..........####
## ###.⚑.###.....?.(.
...# ##.
#.^.....#.......▒+▒...#
##.. ####'####.......▒.▒
..# #..$
#..........▒▒▒.▒▒▒.###...
######..@#.+....†'..##...
#..JJ.▒▒▒.▒▒▒..###..
#........▒.▒....##...
#..$...J..▒'▒.........
..................(..[.
###.............##......
##...............####.
......[.........$....
#......?..####..


You could see a very large slime creature, a large slime creature and a slime
creature.


Message History

You open the door.
There is an open door here.
A slime creature comes into view.
Found a scroll of teleportation.
The slime creature quivers.
A slime creature comes into view.
Found 10 gold pieces.
The slime creature quivers. x2
A slime creature comes into view.
Two slime creatures merge to form a large slime creature.
A slime creature comes into view.
Found 13 arrows.
A slime creature comes into view.
You barely miss the large slime creature.
The slime creature quivers.
Your tail-slap misses the large slime creature.
The large slime creature barely misses you.
You slash the large slime creature!
You tail-slap the large slime creature, but do no damage.
The large slime creature is lightly wounded.
You hit the large slime creature.
The large slime creature is lightly wounded.
The large slime creature hits you.
Two slime creatures merge to form a large slime creature.
Two slime creatures merge to form a very large slime creature.
You slice the large slime creature!! You tail-slap the large slime creature.
The large slime creature is moderately wounded.
The very large slime creature hits you!!!
Ouch! That really hurt!
You die...

Skill      XL: |  1  2  3  4  5  6  7  8 |
---------------+-------------------------+-----
Staves         | 3 4 5 6 7 9 11 | 11.5
Fighting       | |  2.0
Throwing       | |  1.7
Dodging        | |  2.6

Action                   |  1- 3 |  4- 6 |  7- 9 || total
-------------------------+-------+-------+-------++-------
Melee: Quarterstaff      |   111 |    92 |       ||   203
       Tailslap          |    12 |    10 |    25 ||    47
       Lajatang          |       |    31 |   205 ||   236
Throw: Throwing net      |       |     2 |     1 ||     3
Invok: Lunge             |       |     2 |    12 ||    14
  Use: Scroll            |     1 |     8 |     4 ||    13
       Potion            |     1 |       |       ||     1
 Stab: Sleeping          |       |     2 |     1 ||     3
       Held in net/web   |       |     1 |       ||     1
       Invisible         |       |       |     1 ||     1
Armor: Leather armour    |    44 |    30 |    37 ||   111
Dodge: Dodged            |    78 |    61 |    68 ||   207

Levels and vault maps discovered:
D:1:      dpeg_arrival_rhombi, layout_loops_ring
D:2:      layout_rooms, basic_altar, grunt_decor_cap,
          chequers_serial_rivers_marsh, st_stairs_7, roderic_roman_lattice
D:3:      minmay_thinvault, layout_loops_cross, mainiacjoe_overflow_boulevard
D:4:      layout_basic, serial_shops, nicolae_shop_advertising_works
          [nicolae_subvault_shop_adworks]
D:5:      layout_cave_pools, minmay_temple_entry_arrows
D:6:      layout_loops_ring, uniq_edmund
D:7:      layout_rooms, led_xom_imps, nicolae_yredelemnul_corpse_copse,
          nicolae_ossuary_entry_plus, minmay_misc_feat_plants,
          minmay_misc_feat_alley

Notes
Turn   | Place    | Note
-------+----------+-------------------------------------------
     0 | D:1      | demibob the Demonspawn Gladiator began the quest for the
                  | Orb.
     0 | D:1      | Reached XP level 1. HP: 16/16 MP: 1/1
   117 | D:1      | Reached skill level 3 in Staves
   309 | D:1      | Gained mutation: You have a small tail. [demonic ancestry]
   309 | D:1      | Reached XP level 2. HP: 10/22 MP: 2/2
  1040 | D:2      | Gained mutation: You are partially covered in thin metallic
                  | scales. (AC +2) [demonic ancestry]
  1040 | D:2      | Reached XP level 3. HP: 11/27 MP: 3/3
  1271 | D:2      | Reached skill level 4 in Staves
  1484 | D:2      | Found an ornate altar of the Wu Jian Council.
  1781 | D:2      | Gained mutation: You are mostly covered in thin metallic
                  | scales. (AC +3) [demonic ancestry]
  1781 | D:2      | Reached XP level 4. HP: 32/33 MP: 4/4
  2256 | D:3      | Reached skill level 5 in Staves
  2343 | D:3      | Gained mutation: A weak demonic guardian rushes to your
                  | aid. [demonic ancestry]
  2343 | D:3      | Reached XP level 5. HP: 38/38 MP: 5/5
  2542 | D:3      | Noticed a sky beast
  2544 | D:3      | Found an ornate altar of the Wu Jian Council.
  2553 | D:3      | Killed a sky beast
  2554 | D:3      | Reached skill level 6 in Staves
  3134 | D:3      | Gained mutation: You are partially covered in sharp spines.
                  | [demonic ancestry]
  3134 | D:3      | Reached XP level 6. HP: 33/39 MP: 6/6
  3202 | D:3      | Identified a scroll of acquirement
  3202 | D:3      | Acquired a +2 lajatang of speed
  3236 | D:3      | Became a worshipper of the Wu Jian Council
  3281 | D:4      | Found Sadyege's Jewellery Shoppe.
  3542 | D:4      | Reached skill level 7 in Staves
  3588 | D:4      | Reached XP level 7. HP: 50/50 MP: 7/7
  3868 | D:4      | You fall into a shaft and drop 3 floors!
  3928 | D:7      | Noticed a hornet
  3928 | D:7      | Noticed a slime creature
  3930 | D:7      | Found a sand-covered staircase.
  3938 | D:7      | Killed a hornet
  3939 | D:7      | Reached skill level 8 in Staves
  3947 | Ossuary  | Entered an ossuary
  3953 | Ossuary  | Reached * piety under Wu Jian
  4062 | Ossuary  | Reached skill level 9 in Staves
  4062 | Ossuary  | Gained mutation: You have a tail ending in a sharp stinger.
                  | [demonic ancestry]
  4062 | Ossuary  | Reached XP level 8. HP: 53/56 MP: 8/8
  4196 | D:5      | Entered Level 5 of the Dungeon
  4196 | D:5      | Found a staircase to the Ecumenical Temple.
  4224 | D:5      | Reached ** piety under Wu Jian
  4230 | D:5      | Reached skill level 10 in Staves
  5360 | D:6      | Reached skill level 11 in Staves
  5596 | D:6      | Identified the +7 ring mail of Subjectivity {Rampage rPois
                  | rF- Dex+5}
  5815 | D:6      | Noticed Edmund
  5822 | D:6      | Killed Edmund
  5823 | D:6      | Gained mutation: A demonic guardian rushes to your aid.
                  | [demonic ancestry]
  5823 | D:6      | Reached XP level 9. HP: 61/61 MP: 9/9
  5966 | D:7      | Found a shimmering altar of Xom.
  6050 | D:7      | Slain by a very large slime creature

Vanquished Creatures
  A hornet (D:7)
  Edmund (D:6)
  A black bear (D:5)
  A sky beast (D:3)
  3 ogres (D:4)
  2 necrophages
  A kobold brigand (D:5)
  A phantom (D:5)
  A scorpion (D:5)
  4 water moccasin zombies (Ossuary)
  A water moccasin skeleton (D:6)
  3 wights (D:7)
  A howler monkey (D:6)
  3 crimson imps (D:7)
  A bullfrog zombie (D:5)
  4 hounds
  An orc priest (D:5)
  A centaur skeleton (D:6)
  An orc wizard (D:5)
  2 mummies (Ossuary)
  3 gnolls (D:3)
  7 adders
  2 white imps (D:6)
  5 adder zombies (Ossuary)
  2 worms (D:2)
  6 dart slugs
  16 orcs
  8 endoplasms
  6 giant cockroaches
  3 gnoll zombies (Ossuary)
  9 hobgoblins
  3 jackals (D:5)
  2 quokkas
  7 ball pythons
  5 bats
  4 frilled lizards
  7 goblins
  2 hobgoblin zombies (Ossuary)
  12 kobolds
  3 kobold zombies (Ossuary)
  2 orc zombies (Ossuary)
  8 rats
156 creatures vanquished.

Vanquished Creatures (collateral kills)
  A black bear (D:5)
  A kobold (D:3)
2 creatures vanquished.

Grand Total: 158 creatures vanquished

Table legend: (Time is in decaauts)
 A = Elapsed time spent in this place.
 B = Non-inter-level travel time spent in this place.
 C = Inter-level travel time spent in this place.
 D = Time resting spent in this place.
 E = Time spent auto-exploring this place.
 F = Levels seen in this place.
 G = Mean time per level.
                   A        B        C        D        E       F      G
               +--------+--------+--------+--------+--------+-----+--------+
         Total |   5989 |   5825 |    164 |    595 |   4257 |   8 |  748.6 |
       Dungeon |   5814 |   5650 |    164 |    595 |   4135 |   7 |  830.6 |
       Ossuary |    174 |    174 |      0 |      0 |    122 |   1 |  174.0 |
               +--------+--------+--------+--------+--------+-----+--------+

Top non-repeatable levels by time:
     D:2: 1272 daAuts
     D:3: 1072 daAuts
     D:1: 930 daAuts
     D:5: 861 daAuts
     D:6: 788 daAuts
     D:4: 704 daAuts
     D:7: 184 daAuts
 Ossuary: 174 daAuts

Table legend:
 A = Non-vault XP
 B = Vault XP
 C = Vault XP percentage of total XP
 D = Non-vault monster count
 E = Vault monster count
 F = Vault count percentage of total count
                 A         B        C        D         E       F
            +---------+---------+-------+---------+---------+-------
      Total |    2436 |     777 |  24.2 |     117 |      41 |  25.9
            +---------+---------+-------+---------+---------+-------
        D:1 |      30 |       0 |   0.0 |      17 |       0 |   0.0
        D:2 |     112 |       3 |   2.6 |      23 |       2 |   8.0
        D:3 |     163 |      74 |  31.2 |      17 |      14 |  45.2
        D:4 |     512 |       0 |   0.0 |      16 |       0 |   0.0
        D:5 |     773 |       0 |   0.0 |      30 |       0 |   0.0
        D:6 |     369 |     166 |  31.0 |       9 |       1 |  10.0
        D:7 |     477 |     144 |  23.2 |       5 |       3 |  37.5
    Ossuary |       0 |     390 | 100.0 |       0 |      21 | 100.0
            +---------+---------+-------+---------+---------+-------
